 Dungeon Crawl Stone Soup version 0.28-a0-1518-gbe868bca14 (webtiles) character file.

Game seed: 3580840195042441849

2415 Essalna the Frost Mage (level 9, -6/62 (71) HPs)
             Began as a Merfolk Ice Elementalist on Jan 17, 2022.
             Was an Initiate of Hepliaklqana.
             Mangled by a wight (11 damage)
             ... on level 6 of the Dungeon.
             The game lasted 00:18:11 (6988 turns).

Essalna the Frost Mage (Merfolk Ice Elementalist)   Turns: 6988, Time: 00:18:12

HP:   -6/62 (71)    AC:  7    Str:  9    XL:     9   Next: 47%
MP:   16/17         EV: 13    Int: 18    God:    Hepliaklqana [......]
Gold: 323           SH:  0    Dex: 18    Spells: 12/19 levels left

rFire   + . .      SeeInvis .   z - +1 halberd (venom)
rCold   . . .      Faith    .   (shield currently unavailable)
rNeg    + . .      Spirit   .   v - +1 ring mail of an ossuary {rN+ Regen+ Dex+4}
rPois   +          Reflect  .   q - +0 helmet of Inviolability {rF+}
rElec   .          Harm     .   (no cloak)
rCorr   .          Rampage  .   (no gloves)
Will    .....                   (no boots)
Stlth   ++........              (no amulet)
HPRegen 1.00/turn               t - ring of poison resistance
MPRegen 0.15/turn               (no ring)

@: heavily drained
A: (nimble swimmer 2), mertail
a: Renounce Religion


You were on level 6 of the Dungeon.
You worshipped Hepliaklqana.
Hepliaklqana was noncommittal.
You visited 2 branches of the dungeon, and saw 8 of its levels.

You collected 323 gold pieces.

Inventory:

Hand Weapons
 f - a +0 spear
 u - a +0 scythe of venom
 z - a +1 halberd of venom (weapon)
 A - a +1 trident of flaming
Armour
 a - a +0 robe
 q - the +0 helmet of Inviolability (worn) {rF+}
   (You took it off Robin on level 4 of the Dungeon)

   rF:        It protects you from fire.
 v - the +1 ring mail of an ossuary (worn) {rN+ Regen+ Dex+4}
   (You found it on level 7 of the Dungeon)

   Dex:       It affects your dexterity (+4).
   rN:        It protects you from negative energy.
   Regen:     It increases your rate of health regeneration.
 x - a +0 buckler
Jewellery
 t - a ring of poison resistance (left hand)
Wands
 n - a wand of digging (3)
 w - a wand of iceblast (21)
 B - a wand of charming (12)
Scrolls
 c - a scroll of fear {unknown}
 e - 3 scrolls of identify {unknown}
 g - a scroll of magic mapping {unknown}
 h - 2 scrolls of vulnerability {unknown}
 i - 2 scrolls of immolation {unknown}
 m - a scroll of silence {unknown}
 o - a scroll of enchant weapon {unknown}
 p - 2 scrolls of enchant armour {unknown}
 y - a scroll of amnesia {unknown}
Potions
 b - a potion of heal wounds {unknown}
 d - 2 potions of mutation {unknown}
 j - 3 potions of curing
 k - 2 potions of attraction {unknown}
 l - a potion of might {unknown}
 r - a potion of haste {unknown}
 s - 2 potions of brilliance {unknown}


   Skills:
 + Level 6.8 Fighting
 + Level 3.1 Armour
 + Level 6.4 Dodging
 - Level 2.1 Stealth
 + Level 5.6 Spellcasting
 + Level 8.3 Ice Magic


You had 12 spell levels left.
You knew the following spells:

 Your Spells              Type           Power      Damage    Failure   Level
a - Freeze                Ice            100%       1d11      1%          1
b - Ozocubu's Armour      Ice            34%        N/A       3%          3
c - Frozen Ramparts       Ice            68%        1d8       3%          3

Your spell library contained the following spells:

 Spells                   Type           Power      Damage    Failure   Level
 Beastly Appendage        Tmut           10%        N/A       32%         1
 Slow                     Hex            20%        N/A       32%         1
 Blink                    Tloc           10%        N/A       45%         2
 Wereblood                Tmut           5%         N/A       45%         2
 Hailstorm                Conj/Ice       19%        3d6       52%         4
 Confusing Touch          Hex            5%         N/A       69%         3
 Dazzling Flash           Conj/Hex       10%        N/A       69%         3
 Lesser Beckoning         Tloc           5%         N/A       69%         3
 Spider Form              Tmut/Pois      5%         N/A       69%         3
 Vampiric Draining        Necr           5%         2d6       69%         3
 Iskenderun's Mystic Bla  Conj/Tloc      5%         2d3       97%         4
 Agony                    Necr           5%         N/A       100%        5
 Manifold Assault         Tloc           5%         N/A       100%        5
 Silence                  Hex/Air        2%         N/A       100%        5
 Starburst                Conj/Fire      2%         6d3       100%        6


Dungeon Overview and Level Annotations

Branches:
Dungeon (7/15)             Temple (1/1) D:4

Altars:
Ashenzari
Dithmenos
Elyvilon
Fedhas
Hepliaklqana
Kikubaaqudgha
Makhleb
Qazlal
Ru
Trog
Uskayaw
Vehumet
Wu Jian
Xom
Zin
The Shining One

Shops:
D:2 =   D:4 :

Annotations:
D:3 1 runed translucent door


Innate Abilities, Weirdness & Mutations

((You are very nimble when in or above water. (Stealth+, EV+, Speed+++)))
Your lower body shifts to a powerful aquatic tail in water.


Message History

[Y]es or [N]o only, please.
Your icy armour will break if you move.
Continue? [Y]es or [N]o only, please.
Your icy armour will break if you move.
Continue?
Okay, then.
Reach: z) +1 halberd (venom)
Press: ? - help, Dir - move target, f - wight
Aim: a wight, wielding a +5 halberd and wearing a +0 robe (about 41% to evade your +1 halberd of venom)
You reach to attack!
You hit the wight.
The wight is lightly damaged.
The wight hits you from afar with a +5 halberd.
* * * LOW HITPOINT WARNING * * *
You partially resist.
You feel drained.
* * * LOW HITPOINT WARNING * * *
The wight closely misses you.
Reach: z) +1 halberd (venom)
Press: ? - help, Dir - move target, f/p - wight
Aim: a wight, wielding a +5 halberd and wearing a +0 robe (lightly damaged, about 41% to evade your +1 halberd of venom)
You reach to attack!
You barely miss the wight.
The wight is lightly damaged.
The wight misses you.
Reach: z) +1 halberd (venom)
Press: ? - help, Dir - move target, f/p - wight
Aim: a wight, wielding a +5 halberd and wearing a +0 robe (about 41% to evade your +1 halberd of venom)
You reach to attack!
You hit the wight.
The wight is lightly damaged.
The wight misses you. The wight barely misses you.
Reach: z) +1 halberd (venom)
Press: ? - help, Dir - move target, f/p - wight
Aim: a wight, wielding a +5 halberd and wearing a +0 robe (lightly damaged, about 41% to evade your +1 halberd of venom)
You reach to attack!
You barely miss the wight.
The wight is lightly damaged.
The wight hits you from afar with a +5 halberd!
* * * LOW HITPOINT WARNING * * *
You partially resist.
You feel drained.
* * * LOW HITPOINT WARNING * * *
Your icy armour will break if you move.
Continue?
Your icy armour cracks and falls away as you move.
The wight hits you from afar with a +5 halberd!
You die...

.........##.#
####......#############
.....................#
#
###########..........#
# .................# #
########...........# #
#...)z.#.#.........# #
#.####.#....#.#'#### #
#@######.#.#######
#..#.....#........
##.#.#######....##
#.#.# #....##
#######.#.# #....##
..........# #...<##
#######.### #....## #.#
#....# #.# ######


You could see a wight.

Vanquished Creatures
  Sigmund (D:4)
  Eustachio (D:3)
  Edmund (D:4)
  2 black bears
  A necrophage (D:5)
  An orc warrior (D:6)
  2 ogres
  A centaur (D:6)
  The ghost of feta the Grave Robber, an amateur DsNe (D:3)
  A phantom (D:5)
  A bullfrog (D:3)
  A wyvern zombie (D:6)
  A gnoll sergeant (D:6)
  3 scorpions
  A water moccasin skeleton (D:4)
  A wight (D:6)
  A jelly (D:6)
  A gnoll shaman (D:6)
  5 hounds
  3 orc priests
  A centaur skeleton (D:4)
  5 orc wizards
  2 iguanas
  A hound zombie (D:5)
  A hound skeleton (D:2)
  Robin (D:4)
  10 gnolls
  5 adders
  An ufetubus (D:6)
  3 worms (D:3)
  3 dart slugs
  16 orcs
  7 ball pythons
  6 bats
  5 endoplasms
  A giant cockroach (D:3)
  13 goblins
  10 hobgoblins
  4 jackals (D:4)
  4 quokkas
  3 frilled lizards
  7 kobolds
  3 rats
142 creatures vanquished.

Vanquished Creatures (others)
  10 fungi (D:5)
  A plant (D:3)
11 creatures vanquished.

Grand Total: 153 creatures vanquished

Notes
Turn   | Place    | Note
-------+----------+-------------------------------------------
     0 | D:1      | Essalna the Merfolk Ice Elementalist began the quest for
                  | the Orb.
     0 | D:1      | Reached XP level 1. HP: 13/13 MP: 3/3
   211 | D:1      | Reached skill level 1 in Fighting
   273 | D:1      | Reached XP level 2. HP: 16/21 MP: 1/5
   670 | D:1      | Reached XP level 3. HP: 4/27 MP: 1/6
   932 | D:1      | Reached skill level 5 in Ice Magic
  1501 | D:2      | Learned a level 3 spell: Ozocubu's Armour
  1542 | D:2      | Reached XP level 4. HP: 34/34 MP: 7/7
  1549 | D:2      | Learned a level 3 spell: Frozen Ramparts
  1565 | D:2      | Found Fiddupru's Jewellery Boutique.
  1901 | D:2      | Found a faded altar of an unknown god.
  2485 | D:3      | Found a runed translucent door.
  2544 | D:3      | Found a runed translucent door.
  2545 | D:3      | Noticed a bullfrog
  2545 | D:3      | Noticed feta's ghost (amateur DsNe)
  2572 | D:3      | Reached XP level 5. HP: 23/41 MP: 2/8
  3148 | D:3      | Found an ornate altar of the Wu Jian Council.
  3148 | D:3      | Found a stormy altar of Qazlal.
  3200 | D:3      | Reached skill level 6 in Ice Magic
  3200 | D:3      | Reached XP level 6. HP: 48/48 MP: 3/10
  3207 | D:3      | Killed feta's ghost
  3365 | D:4      | Identified the +0 helmet of Inviolability {rF+}
  3365 | D:4      | Noticed Robin
  3376 | D:4      | Noticed Eustachio
  3900 | D:3      | Killed Eustachio
  3901 | D:3      | Reached XP level 7. HP: 36/55 MP: 1/12
  4032 | D:4      | Found Dyosagal's Book Shoppe.
  4424 | D:4      | Reached skill level 5 in Fighting
  4585 | D:4      | Killed Robin
  4752 | D:4      | Noticed Sigmund
  4755 | D:4      | Found a hide-covered altar of Uskayaw.
  4766 | D:4      | Reached skill level 1 in Armour
  4770 | D:4      | Killed Sigmund
  4771 | D:4      | Reached skill level 7 in Ice Magic
  4771 | D:4      | Reached XP level 8. HP: 63/63 MP: 6/14
  4796 | D:4      | You fall into a shaft and drop 3 floors!
  4839 | D:7      | Found a glowing silver altar of Zin.
  4846 | D:7      | Identified the +1 ring mail of an ossuary {rN+ Regen+
                  | Dex+4}
  4918 | D:5      | Entered Level 5 of the Dungeon
  5002 | D:5      | Found a shimmering altar of Xom.
  5136 | D:5      | Found a white marble altar of Elyvilon.
  5294 | D:5      | Reached skill level 5 in Dodging
  5555 | D:5      | Reached skill level 5 in Spellcasting
  6045 | D:4      | Found a staircase to the Ecumenical Temple.
  6045 | D:4      | Noticed Edmund
  6056 | D:4      | Killed Edmund
  6057 | D:4      | Reached XP level 9. HP: 70/70 MP: 13/16
  6067 | Temple   | Entered the Ecumenical Temple
  6252 | Temple   | Became a worshipper of Hepliaklqana the Forgotten
  6641 | D:6      | Reached skill level 8 in Ice Magic
  6986 | D:6      | HP: 3/62 [wight (2)]
  6988 | D:6      | Mangled by a wight

Illustrated notes

Levels and vault maps discovered:
D:1:      dpeg_arrival_water_fire, layout_basic
D:2:      layout_basic, serial_shops, nicolae_shop_trees,
          hellmonk_ecumenical_altar_slurped_away
D:3:      layout_rooms, gammafunk_temple_overflow_elements,
          ebering_ghost_sewer_f, serial_bayou_pond_a, chequers_decorated_corner,
          chequers_serial_rivers_room_a, hangedman_decor_clover_reticule
D:4:      layout_rooms, eat_drink_and_be_merry_uskayaw, temple_green,
          serial_shops, kennysheep_mini, uniq_sigmund, uniq_robin,
          uniq_eustachio, uniq_edmund
D:5:      layout_loops_ring, mainiacjoe_overflow_boulevard,
          nicolae_elyvilon_peaceful_grove, serial_aquarium,
          aquarium_bridge_island_small [aquarium_subvault_small_open,
          aquarium_subvault_wall, aquarium_subvault_balcony,
          aquarium_subvault_window, aquarium_subvault_bridge],
          aquarium_window_1, aquarium_window_1, aquarium_window_corner,
          aquarium_view_2d, aquarium_pool_2
D:6:      layout_basic
D:7:      layout_cave_pools, mainiacjoe_overflow_surrounded_room,
          enter_bailey_7, kennysheep_generic_room_16
Temple:   minmay_temple_curvy_branch

Skill      XL: |  1  2  3  4  5  6  7  8  9 |
---------------+----------------------------+-----
Fighting       | 1 2 3 4 5 6 |  6.8
Ice Magic      | 5 6 7 8 |  8.3
Spellcasting   | 3 4 5 |  5.6
Dodging        | 3 5 6 |  6.4
Armour         | 1 2 3 |  3.1
Stealth        | |  2.1

Action                   |  1- 3 |  4- 6 |  7- 9 || total
-------------------------+-------+-------+-------++-------
Melee: Unarmed           |     1 |       |       ||     1
       Spear             |    21 |    88 |    65 ||   174
       Punch             |       |     1 |       ||     1
       Scythe            |       |       |    87 ||    87
       Halberd           |       |       |    33 ||    33
 Cast: Freeze            |    40 |    28 |     2 ||    70
       Frozen Ramparts   |       |    15 |    17 ||    32
       Ozocubu's Armour  |       |     6 |     6 ||    12
 Stab: Sleeping          |     2 |     4 |       ||     6
Armor: Robe              |     5 |    33 |    19 ||    57
       Ring mail         |       |       |    79 ||    79
Dodge: Dodged            |    25 |    86 |   172 ||   283

Table legend: (Time is in decaauts)
 A = Elapsed time spent in this place.
 B = Non-inter-level travel time spent in this place.
 C = Inter-level travel time spent in this place.
 D = Time resting spent in this place.
 E = Time spent auto-exploring this place.
 F = Levels seen in this place.
 G = Mean time per level.
                   A        B        C        D        E       F      G
               +--------+--------+--------+--------+--------+-----+--------+
         Total |   7102 |   6859 |    243 |    538 |   5122 |   8 |  887.8 |
       Dungeon |   6894 |   6672 |    222 |    538 |   4950 |   7 |  984.9 |
        Temple |    207 |    186 |     21 |      0 |    172 |   1 |  207.0 |
               +--------+--------+--------+--------+--------+-----+--------+

Top non-repeatable levels by time:
     D:3: 1679 daAuts
     D:1: 1418 daAuts
     D:4: 1281 daAuts
     D:5: 1141 daAuts
     D:2: 773 daAuts
     D:6: 519 daAuts
  Temple: 207 daAuts
     D:7: 78 daAuts
